 Dungeon Crawl Stone Soup version 0.21.1-1-g345015f (webtiles) character file.

177 Mirai the Magician (level 5, -2/28 HPs)
             Began as a Deep Elf Conjurer on Apr 4, 2018.
             Slain by PeterLawrence's ghost (15 damage)
             ... on level 3 of the Dungeon.
             The game lasted 00:06:27 (2316 turns).

Mirai the Magician (Deep Elf Conjurer)              Turns: 2316, Time: 00:06:28

Health: -2/28      AC:  2    Str:  5    XL:     5   Next: 31%
Magic:  8/17       EV: 13    Int: 21    God:
Gold:   200        SH:  0    Dex: 19    Spells: 8/19 levels left

rFire    . . .     SeeInvis .   h - +0 hand axe
rCold    . . .     Gourm    .   (no shield)
rNeg     . . .     Faith    .   a - +0 robe
rPois    .         Spirit   .   (no helmet)
rElec    .         Reflect  .   (no cloak)
rCorr    .         Harm     .   (no gloves)
MR       .....                  (no boots)
Stlth    ++........             (no amulet)
HPRegen  0.09/turn              m - +4 ring of dexterity
MPRegen  0.15/turn              (no ring)

@: no status effects
A: no striking features
a: no special abilities


You were on level 3 of the Dungeon.
You were not hungry.

You visited 1 branch of the dungeon, and saw 3 of its levels.

You collected 200 gold pieces.

Inventory:

Hand Weapons
 h - a +0 hand axe (weapon)
Armour
 a - a +0 robe (worn)
Jewellery
 m - a +4 ring of dexterity (left hand)
Scrolls
 e - a scroll of fear {unknown}
 f - 5 scrolls of identify {unknown}
 j - a scroll of immolation {unknown}
 k - 3 scrolls of teleportation {unknown}
 n - a scroll of blinking {unknown}
 r - a scroll of magic mapping {unknown}
Potions
 d - a potion of heal wounds {unknown}
 g - 3 potions of curing {unknown}
 i - a potion of degeneration {unknown}
 l - a potion of might {unknown}
 o - a potion of agility {unknown}
 q - a potion of berserk rage {unknown}
Books
 b - a book of Conjurations

   Spells                             Type                      Level
   a - Magic Dart                     Conjuration                  1
   b - Searing Ray                    Conjuration                  2
   c - Dazzling Spray                 Conjuration/Hexes            3
   d - Fulminant Prism                Conjuration/Hexes            4
   e - Force Lance                    Conjuration/Translocation    4
   f - Iskenderun's Mystic Blast      Conjuration                  4
Comestibles
 c - 5 rations
 p - a chunk of flesh


   Skills:
 - Level 2.4 Dodging
 - Level 2.4 Stealth
 + Level 7.5 Spellcasting
 - Level 4.3 Conjurations


You had 8 spell levels left.
You knew the following spells:

 Your Spells              Type           Power        Failure   Level  Hunger
a - Magic Dart            Conj           ####         1%          1    None
b - Searing Ray           Conj           ####..       1%          2    None
c - Iskenderun's Mystic   Conj           ####....     14%         4    ###....
d - Fulminant Prism       Conj/Hex       ###.......   32%         4    ###....


Dungeon Overview and Level Annotations

Branches:
Dungeon (3/15)

Altars:

Annotations:
D:3 PeterLawrence's ghost, amateur MiFi


Message History

You finish channeling your searing ray.
PeterLawrence's ghost hits you!
Casting: Searing Ray
Confirm with . or Enter, or press ? or * to list all spells.
Aiming: Searing Ray
Press: ? - help, Shift-Dir - straight line, f/p - PeterLawrence's ghost
Aim: PeterLawrence's ghost (moderately damaged)
The searing ray hits PeterLawrence's ghost.
PeterLawrence's ghost is moderately damaged. (Press . to maintain the ray.) PeterLawrence's ghost closely misses you.
The searing ray hits PeterLawrence's ghost.
PeterLawrence's ghost is moderately damaged.
PeterLawrence's ghost closely misses you.
The searing ray misses PeterLawrence's ghost.
PeterLawrence's ghost hits you!
The searing ray hits PeterLawrence's ghost.
PeterLawrence's ghost is heavily damaged.
You finish channeling your searing ray.
PeterLawrence's ghost hits you!
Ouch! That really hurt!
You die...

#####......##.#
#≈≈≈≈≈.######.#
#≈###≈## #.#
##≈≈≈≈≈# #.#
#.≈≈#≈≈## #)#
#.≈≈#≈≈.# #.###
#.≈≈#≈≈.###
#....
#W≈≈≈≈≈...#
#####
#@≈###≈##.#
#.≈≈≈≈≈...#
#.#####.###
#.......#
#######.# #.#
#.#########
#.........#
#########.##


You could see PeterLawrence's ghost.

Vanquished Creatures
  Natasha (thrice) (D:2)
  A gnoll (D:1)
  An adder (D:3)
  An ooze (D:1)
  5 dart slugs
  A leopard gecko (D:1)
  An orc (D:3)
  A ball python (D:2)
  8 bats
  6 giant cockroaches
  6 goblins
  11 hobgoblins
  3 jackals (D:1)
  5 kobolds
  2 frilled lizards
  9 rats
64 creatures vanquished.

Notes
Turn   | Place    | Note
-------+----------+-------------------------------------------
     0 | D:1      | Mirai the Deep Elf Conjurer began the quest for the Orb.
     0 | D:1      | Reached XP level 1. HP: 10/10 MP: 6/6
   141 | D:1      | Reached skill level 4 in Spellcasting
   141 | D:1      | Reached XP level 2. HP: 15/15 MP: 7/9
   145 | D:1      | Learned a level 2 spell: Searing Ray
   327 | D:1      | Reached skill level 5 in Spellcasting
   327 | D:1      | Reached XP level 3. HP: 19/19 MP: 6/11
  1082 | D:2      | Noticed Natasha
  1089 | D:2      | Killed Natasha
  1089 | D:2      | Reached skill level 6 in Spellcasting
  1089 | D:2      | Reached XP level 4. HP: 24/24 MP: 7/14
  1318 | D:2      | Learned a level 4 spell: Iskenderun's Mystic Blast
  1323 | D:2      | Learned a level 4 spell: Fulminant Prism
  1493 | D:2      | Noticed Natasha
  1497 | D:2      | Killed Natasha
  1595 | D:2      | Reached skill level 7 in Spellcasting
  1691 | D:2      | Noticed Natasha
  1695 | D:2      | Killed Natasha
  1695 | D:2      | Reached XP level 5. HP: 19/28 MP: 10/16
  2305 | D:3      | Noticed PeterLawrence's ghost (amateur MiFi)
  2316 | D:3      | Slain by PeterLawrence's ghost

Skill      XL: |  1  2  3  4 |
---------------+-------------+-----
Spellcasting   | 4 5 6 7 |  7.5
Dodging        | |  2.4
Stealth        | |  2.4
Conjurations   | |  4.3

Action                   |  1- 3 |  4- 6 || total
-------------------------+-------+-------++-------
Melee: Unarmed           |     3 |       ||     3
       Hand axe          |     4 |     9 ||    13
 Cast: Magic Dart        |    57 |    45 ||   102
       Searing Ray       |     8 |     4 ||    12
  Eat: Chunk             |       |     4 ||     4
Armor: Robe              |     2 |     7 ||     9
Dodge: Dodged            |    16 |    10 ||    26
